Edmonton Oilers vs Minnesota North Stars
Created - Sunday, February 4, 2024 at 08:40
Goals
|
| Edmonton Oilers |
0 |
1 |
0 |
1 |
| Minnesota North Stars |
2 |
1 |
1 |
4 |
|
Shots
|
| Edmonton Oilers |
8 |
14 |
9 |
31 |
| Minnesota North Stars |
12 |
12 |
10 |
34 |
|
1st period
1. Minnesota North Stars , Frank Vatrano 1 (Brandon Montour 2) at 13:07 (SH)
2. Minnesota North Stars , Jeff Skinner 1 (Ryan Nugent-Hopkins 4, Gustav Forsling 2) at 17:31 (PP)
Penalties :
Evgeni Malkin (MNS) for Holding (Minor) at 12:22, Jacob Trouba (EDM) for Hooking (Minor) at 16:20
2nd period
3. Edmonton Oilers , Boone Jenner 1 (Evan Bouchard 2) at 1:31 (PP)
4. Minnesota North Stars , Frank Vatrano 2 (Jack Hughes 1, Rasmus Dahlin 2) at 14:48 (PP)
Penalties :
Gustav Forsling (MNS) for Tripping (Minor) at 0:58, Jamie Oleksiak (MNS) for Hooking (Minor) at 6:49, Frank Vatrano (MNS) for Roughing (Minor) at 10:59, Adrian Kempe (EDM) for Holding (Minor) at 14:34
3rd period
5. Minnesota North Stars , Evgeni Malkin 3 (Frank Vatrano 2) at 1:42
Penalties :
Jacob Trouba (EDM) for Hooking (Minor) at 2:05, Brandon Carlo (EDM) for Slashing (Minor) at 9:11, Rasmus Dahlin (MNS) for Hooking (Minor) at 12:22
Goalie Stats
Juuse Saros (EDM), 30 saves from 34 shots - (0.882), L, 1-2-0, 60:00 minutes
Stuart Skinner (MNS), 30 saves from 31 shots - (0.968), W, 2-0-0, 60:00 minutes
Players Stats for Edmonton Oilers
Player Name G A P +/- PIM S H SB GA TA FO MP PP MP PK MP
------------------------------------------------------------------------------------
Adrian Kempe 0 0 0 -2 2 4 1 1 1 1 1/3 21:44 5:23 0:00
Alex Iafallo 0 0 0 0 0 2 0 1 1 0 1/1 11:38 0:00 2:09
Blake Wheeler 0 0 0 -1 0 1 0 0 0 0 0/0 14:02 5:51 0:00
Boone Jenner 1 0 1 -2 0 6 1 0 1 0 16/29 21:45 5:23 0:00
Brandon Carlo 0 0 0 -1 2 1 0 2 0 1 0/0 18:11 0:00 2:04
Brett Pesce 0 0 0 0 0 0 0 1 0 0 0/0 18:47 2:38 3:02
Brock Boeser 0 0 0 -1 0 6 2 0 0 0 1/1 19:33 5:23 0:00
David Perron 0 0 0 -1 0 4 2 0 1 0 0/0 19:34 3:06 0:00
Dawson Mercer 0 0 0 0 0 1 0 0 0 0 0/0 8:45 2:38 0:00
Derek Grant 0 0 0 0 0 0 0 0 1 0 6/10 10:00 0:00 3:14
Evan Bouchard 0 1 1 -1 0 1 1 2 0 0 0/0 22:11 5:51 0:00
Jacob Trouba 0 0 0 -1 4 0 1 0 0 0 0/0 16:31 0:00 1:04
Jake DeBrusk 0 0 0 0 0 2 2 0 1 1 0/1 17:22 3:06 0:00
Jeff Carter 0 0 0 0 0 0 0 0 0 1 4/6 10:44 0:00 2:00
Mikael Backlund 0 0 0 0 0 2 3 1 1 0 10/23 17:31 3:06 0:09
Rasmus Ristolainen 0 0 0 0 0 0 0 0 0 2 0/0 19:33 0:00 2:21
Scott Mayfield 0 0 0 0 0 1 1 0 0 1 0/0 16:42 0:00 2:15
Tanner Jeannot 0 0 0 0 0 0 1 1 0 1 0/0 10:00 0:00 3:14
Players Stats for Minnesota North Stars
Player Name G A P +/- PIM S H SB GA TA FO MP PP MP PK MP
------------------------------------------------------------------------------------
Adam Lowry 0 0 0 0 0 1 0 1 0 1 1/4 11:12 0:06 4:10
Brandon Montour 0 1 1 1 0 0 3 1 1 1 0/0 23:35 2:29 4:32
Brock Nelson 0 0 0 0 0 3 3 0 0 0 1/1 16:13 2:54 0:00
Derick Brassard 0 0 0 0 0 3 0 2 0 0 0/0 7:36 0:00 0:21
Evan Rodrigues 0 0 0 0 0 2 0 0 1 0 1/2 12:44 0:00 0:00
Evgeni Malkin 1 0 1 1 2 2 1 0 1 0 12/18 13:16 0:00 0:34
Frank Vatrano 2 1 3 2 2 3 1 1 0 0 0/0 18:29 2:29 2:52
Gustav Forsling 0 1 1 0 2 1 0 0 0 2 0/0 20:10 2:54 3:57
Jack Hughes 0 1 1 0 0 3 1 0 2 0 5/20 15:12 2:23 0:00
Jamie Oleksiak 0 0 0 0 2 1 2 0 0 1 0/0 19:29 2:54 2:55
Jeff Skinner 1 0 1 0 0 2 2 0 1 0 0/2 17:19 2:54 1:06
Jonathan Toews 0 0 0 1 0 5 0 0 0 0 7/11 11:14 0:00 3:45
Neal Pionk 0 0 0 1 0 0 4 1 0 0 0/0 16:27 0:00 0:13
Rasmus Dahlin 0 1 1 1 2 0 2 1 0 1 0/0 22:41 2:29 3:33
Ryan Nugent-Hopkins 0 1 1 0 0 3 2 1 2 0 8/15 16:13 2:54 0:00
Sean Durzi 0 0 0 1 0 2 0 2 0 0 0/0 18:02 0:00 1:48
Viktor Arvidsson 0 0 0 0 0 1 0 2 0 0 0/1 12:44 0:00 0:00
Zach Parise 0 0 0 1 0 2 2 1 0 1 0/0 18:50 2:29 4:10
3 Stars
1 - Frank Vatrano (MNS)
2 - Stuart Skinner (MNS)
3 - Jeff Skinner (MNS)
Power Play
Edmonton Oilers - 1 on 5 Attempt(s) - 20.00%
Minnesota North Stars - 2 on 4 Attempt(s) - 50.00%
Penalty Kill
Edmonton Oilers - 2 on 4 Attempt(s) - 50.00%
- Score 0 goal in Penalty Kill
Minnesota North Stars - 4 on 5 Attempt(s) - 80.00%
- Score 1 goal in Penalty Kill
Team Stat
Edmonton Oilers - Hits : 15 - Faceoff Wins : 39 - Blocked Shots : 9 - Penalty Minutes : 8
Minnesota North Stars - Hits : 23 - Faceoff Wins : 35 - Blocked Shots : 13 - Penalty Minutes : 10
Official
Referees : Ian Walsh and Steve Kozari
Linesman : Matt MacPherson and Derek Amell
Game Notes
12:37 of 1st period - Edmonton Oilers goal is going for a video replay. After video review, No Goal. The net was displaced accidentally.
Finance
Level 1 -- Attendance: 5007 (83.45%) -- Ticket Income $500,700
Level 2 -- Attendance: 3499 (69.98%) -- Ticket Income $209,940
Level 3 -- Attendance: 2300 (76.67%) -- Ticket Income $80,500
Level 4 -- Attendance: 4076 (81.52%) -- Ticket Income $101,900
Luxury Box -- Attendance: 782 (78.20%) -- Ticket Income $156,400
Game was played at the Met Center.
Total Attendance: 15664 (78.32%)
Total Ticket Income: $1,049,440
Other Income: $367,304
Total Income: $1,416,744
Edmonton Oilers
5 vs 5 Forward
Center Left Wing Right Wing Time % Phy DF OF
1 Boone Jenner Adrian Kempe David Perron 34 1 1 3
2 Mikael Backlund Jake DeBrusk Brock Boeser 34 0 2 3
3 Jeff Carter Alex Iafallo Blake Wheeler 20 1 2 2
4 Derek Grant Tanner Jeannot Dawson Mercer 12 1 3 1
5 vs 5 Defense
Defense Defense Time % Phy DF OF
1 Jacob Trouba Brandon Carlo 35 1 3 1
2 Rasmus Ristolainen Evan Bouchard 35 0 2 3
3 Brett Pesce Scott Mayfield 25 1 3 1
4 Brandon Carlo Scott Mayfield 5 1 4 0
PowerPlay Forward
Center Left Wing Right Wing Time % Phy DF OF
1 Boone Jenner Adrian Kempe Brock Boeser 60 1 0 4
2 Mikael Backlund Jake DeBrusk David Perron 40 1 0 4
PowerPlay Defense
Defense Defense Time % Phy DF OF
1 Evan Bouchard Blake Wheeler 60 1 1 3
2 Brett Pesce Dawson Mercer 40 0 2 3
Penalty Kill 4 Players Forward
Center Wing Time % Phy DF OF
1 Derek Grant Tanner Jeannot 53 1 4 0
2 Jeff Carter Alex Iafallo 47 1 4 0
Penalty Kill 4 Players Defense
Defense Defense Time % Phy DF OF
1 Brandon Carlo Jacob Trouba 50 2 3 0
2 Scott Mayfield Rasmus Ristolainen 50 2 3 0
Penalty Kill - 3 Players Forward
Forward Time % Phy DF OF
1 Derek Grant 50 1 4 0
2 Mikael Backlund 50 1 4 0
Penalty Kill - 3 Players Defense
Defense Defense Time % Phy DF OF
1 Brandon Carlo Jacob Trouba 50 1 4 0
2 Scott Mayfield Rasmus Ristolainen 50 1 4 0
4 vs 4 Forward
Center Wing Time % Phy DF OF
1 Boone Jenner Adrian Kempe 50 1 2 2
2 Mikael Backlund Brock Boeser 50 0 2 3
4 vs 4 Defense
Defense Defense Time % Phy DF OF
1 Jacob Trouba Brandon Carlo 50 1 3 1
2 Rasmus Ristolainen Evan Bouchard 50 1 1 3
Last Minutes Offensive
Center Left Wing Right Wing Defense Defense
Boone Jenner Adrian Kempe Brock Boeser Brett Pesce Evan Bouchard
Last Minutes Defensive
Center Left Wing Right Wing Defense Defense
Mikael Backlund Derek Grant Tanner Jeannot Brandon Carlo Scott Mayfield
Goaltenders
Starting : Juuse Saros
Backup : Matt Murray
Extra Forwards
Normal : Brock Boeser, Adrian Kempe, Boone Jenner - PP : Jake DeBrusk, Brock Boeser - PK : Mikael Backlund
Extra Defensemen
Normal : Evan Bouchard, Jacob Trouba, Brandon Carlo - PP : Jacob Trouba - PK : Brett Pesce, Brandon Carlo
Penalty Shots
Boone Jenner, Adrian Kempe, Brock Boeser, Jake DeBrusk, Dawson Mercer
Minnesota North Stars
5 vs 5 Forward
Center Left Wing Right Wing Time % Phy DF OF
1 Ryan Nugent-Hopkins Brock Nelson Jeff Skinner 30 1 2 2
2 Evgeni Malkin Frank Vatrano Zach Parise 30 1 2 2
3 Jack Hughes Evan Rodrigues Viktor Arvidsson 28 1 2 2
4 Jonathan Toews Derick Brassard Adam Lowry 12 1 2 2
5 vs 5 Defense
Defense Defense Time % Phy DF OF
1 Rasmus Dahlin Brandon Montour 30 1 2 2
2 Jamie Oleksiak Gustav Forsling 30 1 2 2
3 Neal Pionk Sean Durzi 30 1 2 2
4 Rasmus Dahlin Brandon Montour 10 1 2 2
PowerPlay Forward
Center Left Wing Right Wing Time % Phy DF OF
1 Ryan Nugent-Hopkins Brock Nelson Jeff Skinner 50 1 1 3
2 Jack Hughes Frank Vatrano Zach Parise 50 1 1 3
PowerPlay Defense
Defense Defense Time % Phy DF OF
1 Rasmus Dahlin Brandon Montour 50 1 2 2
2 Jamie Oleksiak Gustav Forsling 50 1 2 2
Penalty Kill 4 Players Forward
Center Wing Time % Phy DF OF
1 Jonathan Toews Frank Vatrano 50 3 2 0
2 Adam Lowry Zach Parise 50 3 2 0
Penalty Kill 4 Players Defense
Defense Defense Time % Phy DF OF
1 Rasmus Dahlin Brandon Montour 50 1 3 1
2 Jamie Oleksiak Gustav Forsling 50 2 2 1
Penalty Kill - 3 Players Forward
Forward Time % Phy DF OF
1 Ryan Nugent-Hopkins 50 1 3 1
2 Evgeni Malkin 50 1 3 1
Penalty Kill - 3 Players Defense
Defense Defense Time % Phy DF OF
1 Rasmus Dahlin Brandon Montour 50 1 3 1
2 Jamie Oleksiak Gustav Forsling 50 2 2 1
4 vs 4 Forward
Center Wing Time % Phy DF OF
1 Ryan Nugent-Hopkins Evgeni Malkin 50 1 2 2
2 Brock Nelson Jeff Skinner 50 1 2 2
4 vs 4 Defense
Defense Defense Time % Phy DF OF
1 Rasmus Dahlin Brandon Montour 50 1 2 2
2 Jamie Oleksiak Gustav Forsling 50 1 2 2
Last Minutes Offensive
Center Left Wing Right Wing Defense Defense
Jack Hughes Ryan Nugent-Hopkins Jeff Skinner Rasmus Dahlin Brandon Montour
Last Minutes Defensive
Center Left Wing Right Wing Defense Defense
Ryan Nugent-Hopkins Zach Parise Frank Vatrano Rasmus Dahlin Brandon Montour
Goaltenders
Starting : Stuart Skinner
Backup : Antti Raanta
Extra Forwards
Normal : Adam Lowry, Jack Hughes, Jonathan Toews - PP : Adam Lowry, Jack Hughes - PK : Jonathan Toews
Extra Defensemen
Normal : Neal Pionk, Sean Durzi, Jamie Oleksiak - PP : Neal Pionk - PK : Sean Durzi, Jamie Oleksiak
Penalty Shots
Ryan Nugent-Hopkins, Evgeni Malkin, Brock Nelson, Jeff Skinner, Jack Hughes
% Time on Ice - Edmonton Oilers
Lines # - Real PCT - Wanted PCT - Time Play
Normal Forward
1 - 36% - 34% - 16:43
2 - 33% - 34% - 15:09
3 - 17% - 20% - 7:51
4 - 14% - 12% - 6:25
Normal Defense
1 - 36% - 35% - 16:26
2 - 36% - 35% - 16:27
3 - 27% - 25% - 12:22
4 - 2% - 5% - 0:53
PP Forward
1 - 63% - 60% - 5:23
2 - 37% - 40% - 3:06
PP Defense
1 - 69% - 60% - 5:51
2 - 31% - 40% - 2:38
PK Forward
1 - 63% - 53% - 3:23
2 - 37% - 47% - 2:00
PK Defense
1 - 64% - 50% - 3:28
2 - 36% - 50% - 1:55
PK3 Forward
1 - 0% - 50%
2 - 0% - 50%
PK3 Defense
1 - 0% - 50%
2 - 0% - 50%
44 Forward
1 - 0% - 50%
2 - 0% - 50%
44 Defense
1 - 0% - 50%
2 - 0% - 50%
Last Minute Offensive - 0:00
Last Minute Defensive - 0:00
Total
Forward - 60:00
Defense - 60:00
|
% Time on Ice - Minnesota North Stars
Lines # - Real PCT - Wanted PCT - Time Play
Normal Forward
1 - 31% - 30% - 14:17
2 - 26% - 30% - 12:11
3 - 28% - 28% - 12:44
4 - 15% - 12% - 6:56
Normal Defense
1 - 31% - 30% - 14:07
2 - 29% - 30% - 13:20
3 - 35% - 30% - 16:14
4 - 5% - 10% - 2:27
PP Forward
1 - 54% - 50% - 2:54
2 - 46% - 50% - 2:29
PP Defense
1 - 46% - 50% - 2:29
2 - 54% - 50% - 2:54
PK Forward
1 - 51% - 50% - 4:19
2 - 49% - 50% - 4:10
PK Defense
1 - 53% - 50% - 4:32
2 - 47% - 50% - 3:57
PK3 Forward
1 - 0% - 50%
2 - 0% - 50%
PK3 Defense
1 - 0% - 50%
2 - 0% - 50%
44 Forward
1 - 0% - 50%
2 - 0% - 50%
44 Defense
1 - 0% - 50%
2 - 0% - 50%
Last Minute Offensive - 0:00
Last Minute Defensive - 0:00
Total
Forward - 60:00
Defense - 60:00
|
Play-by-Play
1st period
0:01 of 1st period - Ryan Nugent-Hopkins wins face-off versus Boone Jenner in neutral zone.
1:43 of 1st period - Wrist shot by Boone Jenner.
1:43 of 1st period - Shot Misses the Net.
2:14 of 1st period - Icing by Sean Durzi.
2:15 of 1st period - Evgeni Malkin wins face-off versus Derek Grant in Minnesota North Stars zone.
2:15 of 1st period - Evgeni Malkin is hit by Jacob Trouba.
2:31 of 1st period - Snap shot by Evgeni Malkin.
2:31 of 1st period - Shot Misses the Net.
2:51 of 1st period - Wrist shot by Frank Vatrano.
2:51 of 1st period - Shot Misses the Net.
3:15 of 1st period - Snap shot by Brock Boeser.
3:15 of 1st period - Shot Hit the Post.
3:17 of 1st period - Wrist shot by Brandon Carlo.
3:17 of 1st period - Stopped by Stuart Skinner without a rebound.
3:18 of 1st period - Boone Jenner wins face-off versus Viktor Arvidsson in Minnesota North Stars zone.
3:52 of 1st period - Alex Iafallo is hit by Jamie Oleksiak and loses puck.
4:27 of 1st period - Off-side.
4:28 of 1st period - Boone Jenner wins face-off versus Jack Hughes in neutral zone.
4:41 of 1st period - Wrist shot by Boone Jenner.
4:41 of 1st period - Shot Misses the Net.
4:44 of 1st period - Icing by Jack Hughes.
4:45 of 1st period - Mikael Backlund wins face-off versus Jack Hughes in Minnesota North Stars zone.
4:59 of 1st period - Off-side.
5:00 of 1st period - Boone Jenner wins face-off versus Ryan Nugent-Hopkins in neutral zone.
5:26 of 1st period - Jamie Oleksiak is hit by Evan Bouchard and loses puck.
5:31 of 1st period - Wrist shot by Alex Iafallo.
5:31 of 1st period - Stopped by Stuart Skinner without a rebound.
5:32 of 1st period - Mikael Backlund wins face-off versus Jack Hughes in Minnesota North Stars zone.
5:57 of 1st period - Snap shot by Alex Iafallo.
5:57 of 1st period - Shot Misses the Net.
6:05 of 1st period - Snap shot by Jeff Skinner.
6:05 of 1st period - Deflect By Ryan Nugent-Hopkins.
6:05 of 1st period - Stopped by Juuse Saros without a rebound.
6:06 of 1st period - Boone Jenner wins face-off versus Ryan Nugent-Hopkins in Edmonton Oilers zone.
6:11 of 1st period - Rasmus Ristolainen is hit by Jeff Skinner and loses puck.
7:19 of 1st period - Wrist shot by Dawson Mercer.
7:19 of 1st period - Shot Hit the Post.
7:25 of 1st period - Derek Grant is hit by Rasmus Dahlin and loses puck.
8:20 of 1st period - Wrist shot by Jonathan Toews.
8:20 of 1st period - Stopped by Juuse Saros without a rebound.
8:21 of 1st period - Boone Jenner wins face-off versus Ryan Nugent-Hopkins in Edmonton Oilers zone.
8:36 of 1st period - Wrist shot by Boone Jenner.
8:36 of 1st period - Stopped by Stuart Skinner with a rebound.
8:39 of 1st period - Icing by Brock Nelson.
8:40 of 1st period - Ryan Nugent-Hopkins wins face-off versus Mikael Backlund in Minnesota North Stars zone.
8:45 of 1st period - Brock Boeser is hit by Brock Nelson.
8:51 of 1st period - Ryan Nugent-Hopkins is hit by Mikael Backlund.
9:26 of 1st period - Icing by Rasmus Dahlin.
9:27 of 1st period - Jeff Carter wins face-off versus Jack Hughes in Minnesota North Stars zone.
9:30 of 1st period - Snap shot by Blake Wheeler.
9:30 of 1st period - Shot Blocked by Viktor Arvidsson.
9:49 of 1st period - Icing by Evan Rodrigues.
9:50 of 1st period - Mikael Backlund wins face-off versus Evan Rodrigues in Minnesota North Stars zone.
10:17 of 1st period - Snap shot by Frank Vatrano.
10:17 of 1st period - Shot Misses the Net.
10:19 of 1st period - Backhand shot by Zach Parise.
10:19 of 1st period - Shot Misses the Net.
10:23 of 1st period - Slapshot by Evgeni Malkin.
10:23 of 1st period - Stopped by Juuse Saros without a rebound.
10:24 of 1st period - Ryan Nugent-Hopkins wins face-off versus Mikael Backlund in Edmonton Oilers zone.
11:00 of 1st period - Slapshot by Adrian Kempe.
11:00 of 1st period - Deflect By David Perron.
11:00 of 1st period - Stopped by Stuart Skinner with a rebound.
11:37 of 1st period - Snap shot by Brock Boeser.
11:37 of 1st period - Shot Misses the Net.
11:45 of 1st period - Wrist shot by Brock Boeser.
11:45 of 1st period - Stopped by Stuart Skinner with a rebound.
12:05 of 1st period - Snap shot by Ryan Nugent-Hopkins.
12:05 of 1st period - Stopped by Juuse Saros with a rebound.
12:07 of 1st period - Slapshot by Brandon Montour.
12:07 of 1st period - Shot Blocked by Tanner Jeannot.
12:09 of 1st period - Slapshot by Rasmus Dahlin.
12:09 of 1st period - Deflect By Brock Nelson.
12:09 of 1st period - Stopped by Juuse Saros with a rebound.
12:19 of 1st period - Snap shot by David Perron.
12:19 of 1st period - Stopped by Stuart Skinner without a rebound.
12:20 of 1st period - Evgeni Malkin wins face-off versus Boone Jenner in Minnesota North Stars zone.
12:22 of 1st period - Minor Penalty to Evgeni Malkin for Holding.
12:23 of 1st period - Jonathan Toews wins face-off versus Boone Jenner in Minnesota North Stars zone.
12:33 of 1st period - Snap shot by Adrian Kempe.
12:33 of 1st period - Deflect By Boone Jenner.
12:33 of 1st period - Stopped by Stuart Skinner with a rebound.
12:35 of 1st period - Slapshot by Evan Bouchard.
12:35 of 1st period - Shot Blocked by Rasmus Dahlin.
12:37 of 1st period - Snap shot by Adrian Kempe.
12:37 of 1st period - Edmonton Oilers goal is going for a video replay.
12:37 of 1st period - The goal is refused. The net was displaced accidentally..
12:38 of 1st period - Jonathan Toews wins face-off versus Boone Jenner in Minnesota North Stars zone.
12:57 of 1st period - Wrist shot by Frank Vatrano.
12:57 of 1st period - Shot Blocked by Evan Bouchard.
12:59 of 1st period - Snap shot by Jonathan Toews.
12:59 of 1st period - Shot Misses the Net.
13:07 of 1st period - Wrist shot by Frank Vatrano.
13:07 of 1st period - Goal by Frank Vatrano - Edmonton Oilers : 0 - Minnesota North Stars : 1.
13:08 of 1st period - Jonathan Toews wins face-off versus Boone Jenner in neutral zone.
13:35 of 1st period - Adam Lowry is hit by Mikael Backlund and loses puck.
13:58 of 1st period - Wrist shot by Zach Parise.
13:58 of 1st period - Stopped by Juuse Saros without a rebound.
13:59 of 1st period - Jonathan Toews wins face-off versus Boone Jenner in Edmonton Oilers zone.
14:00 of 1st period - Snap shot by Frank Vatrano.
14:00 of 1st period - Shot Misses the Net.
14:12 of 1st period - Jamie Oleksiak is hit by Boone Jenner and loses puck.
14:22 of 1st period - Penalty to Evgeni Malkin is over, Evgeni Malkin is back on ice.
14:45 of 1st period - Slapshot by Brock Nelson.
14:45 of 1st period - Stopped by Juuse Saros without a rebound.
14:46 of 1st period - Boone Jenner wins face-off versus Jack Hughes in Edmonton Oilers zone.
15:26 of 1st period - Wrist shot by Mikael Backlund.
15:26 of 1st period - Shot Misses the Net.
15:40 of 1st period - Jacob Trouba is hit by Frank Vatrano and loses puck.
15:59 of 1st period - Snap shot by Jonathan Toews.
15:59 of 1st period - Shot Misses the Net.
16:01 of 1st period - Wrist shot by Derick Brassard.
16:01 of 1st period - Stopped by Juuse Saros without a rebound.
16:02 of 1st period - Adrian Kempe wins face-off versus Adam Lowry in Edmonton Oilers zone.
16:09 of 1st period - Snap shot by Derick Brassard.
16:09 of 1st period - Shot Misses the Net.
16:11 of 1st period - Snap shot by Adam Lowry.
16:11 of 1st period - Deflect By Jonathan Toews.
16:11 of 1st period - Stopped by Juuse Saros with a rebound.
16:20 of 1st period - Minor Penalty to Jacob Trouba for Hooking.
16:21 of 1st period - Derek Grant wins face-off versus Ryan Nugent-Hopkins in Edmonton Oilers zone.
16:35 of 1st period - Wrist shot by Brock Nelson.
16:35 of 1st period - Shot Misses the Net.
16:37 of 1st period - Wrist shot by Ryan Nugent-Hopkins.
16:37 of 1st period - Deflect By Jeff Skinner.
16:37 of 1st period - Shot Misses the Net.
16:37 of 1st period - Puck is out of play.
16:38 of 1st period - Derek Grant wins face-off versus Jack Hughes in Edmonton Oilers zone.
17:08 of 1st period - Icing by Gustav Forsling.
17:09 of 1st period - Ryan Nugent-Hopkins wins face-off versus Derek Grant in Minnesota North Stars zone.
17:16 of 1st period - Brett Pesce is hit by Jeff Skinner and loses puck.
17:31 of 1st period - Slapshot by Jeff Skinner.
17:31 of 1st period - Goal by Jeff Skinner - Edmonton Oilers : 0 - Minnesota North Stars : 2.
17:32 of 1st period - Mikael Backlund wins face-off versus Evgeni Malkin in neutral zone.
18:26 of 1st period - Slapshot by Viktor Arvidsson.
18:26 of 1st period - Stopped by Juuse Saros with a rebound.
18:28 of 1st period - Slapshot by Viktor Arvidsson.
18:28 of 1st period - Deflect By Evan Rodrigues.
18:28 of 1st period - Deflect By Jeff Carter.
18:28 of 1st period - Shot Blocked by Evan Bouchard.
18:28 of 1st period - Puck is out of play.
18:29 of 1st period - Mikael Backlund wins face-off versus Evgeni Malkin in Edmonton Oilers zone.
18:56 of 1st period - Ryan Nugent-Hopkins is hit by Scott Mayfield.
19:06 of 1st period - David Perron is hit by Ryan Nugent-Hopkins and loses puck.
19:16 of 1st period - Icing by Brandon Montour.
19:17 of 1st period - Jeff Carter wins face-off versus Ryan Nugent-Hopkins in Minnesota North Stars zone.
19:24 of 1st period - Rasmus Dahlin is hit by Jake DeBrusk and loses puck.
Goals for this period are 0 for Edmonton Oilers vs 2 for Minnesota North Stars.
Shots for this period are 8 for Edmonton Oilers vs 12 for Minnesota North Stars.
2nd period
0:01 of 2nd period - Evgeni Malkin wins face-off versus Mikael Backlund in neutral zone.
0:33 of 2nd period - Snap shot by Jack Hughes.
0:33 of 2nd period - Stopped by Juuse Saros with a rebound.
0:58 of 2nd period - Minor Penalty to Gustav Forsling for Tripping.
0:59 of 2nd period - Jonathan Toews wins face-off versus Boone Jenner in Minnesota North Stars zone.
1:23 of 2nd period - Evan Bouchard is hit by Zach Parise.
1:31 of 2nd period - Wrist shot by Boone Jenner.
1:31 of 2nd period - Goal by Boone Jenner - Edmonton Oilers : 1 - Minnesota North Stars : 2.
1:32 of 2nd period - Mikael Backlund wins face-off versus Jack Hughes in neutral zone.
1:44 of 2nd period - Snap shot by Jake DeBrusk.
1:44 of 2nd period - Stopped by Stuart Skinner without a rebound.
1:45 of 2nd period - Evgeni Malkin wins face-off versus Boone Jenner in Minnesota North Stars zone.
1:52 of 2nd period - Slapshot by Boone Jenner.
1:52 of 2nd period - Shot Blocked by Frank Vatrano.
1:54 of 2nd period - Slapshot by Scott Mayfield.
1:54 of 2nd period - Stopped by Stuart Skinner with a rebound.
1:56 of 2nd period - Wrist shot by Adrian Kempe.
1:56 of 2nd period - Stopped by Stuart Skinner with a rebound.
1:58 of 2nd period - Snap shot by Boone Jenner.
1:58 of 2nd period - Deflect By David Perron.
1:58 of 2nd period - Shot Misses the Net.
1:58 of 2nd period - Puck is out of play.
1:59 of 2nd period - Jack Hughes wins face-off versus Mikael Backlund in Minnesota North Stars zone.
2:10 of 2nd period - Slapshot by Viktor Arvidsson.
2:10 of 2nd period - Shot Blocked by Brandon Carlo.
2:15 of 2nd period - Off-side.
2:16 of 2nd period - Boone Jenner wins face-off versus Evgeni Malkin in neutral zone.
2:27 of 2nd period - Snap shot by Boone Jenner.
2:27 of 2nd period - Stopped by Stuart Skinner without a rebound.
2:28 of 2nd period - Mikael Backlund wins face-off versus Evgeni Malkin in Minnesota North Stars zone.
3:20 of 2nd period - Wrist shot by Evan Rodrigues.
3:20 of 2nd period - Stopped by Juuse Saros without a rebound.
3:21 of 2nd period - Evan Rodrigues wins face-off versus Mikael Backlund in Edmonton Oilers zone.
3:52 of 2nd period - Slapshot by Ryan Nugent-Hopkins.
3:52 of 2nd period - Shot Blocked by Brandon Carlo.
3:54 of 2nd period - Slapshot by Rasmus Dahlin.
3:54 of 2nd period - Shot Misses the Net.
3:56 of 2nd period - Slapshot by Brandon Montour.
3:56 of 2nd period - Shot Blocked by Alex Iafallo.
3:58 of 2nd period - Slapshot by Brandon Montour.
3:58 of 2nd period - Shot Misses the Net.
4:40 of 2nd period - Slapshot by Frank Vatrano.
4:40 of 2nd period - Stopped by Juuse Saros without a rebound.
4:41 of 2nd period - Alex Iafallo wins face-off versus Jack Hughes in Edmonton Oilers zone.
4:46 of 2nd period - Snap shot by Evan Bouchard.
4:46 of 2nd period - Stopped by Stuart Skinner with a rebound.
4:52 of 2nd period - Jeff Carter is hit by Jack Hughes and loses puck.
5:09 of 2nd period - Slapshot by Adrian Kempe.
5:09 of 2nd period - Deflect By Jack Hughes.
5:09 of 2nd period - Stopped by Stuart Skinner with a rebound.
5:19 of 2nd period - Wrist shot by David Perron.
5:19 of 2nd period - Shot Misses the Net.
5:42 of 2nd period - Off-side.
5:43 of 2nd period - Boone Jenner wins face-off versus Jeff Skinner in neutral zone.
5:46 of 2nd period - Slapshot by David Perron.
5:46 of 2nd period - Stopped by Stuart Skinner without a rebound.
5:47 of 2nd period - Ryan Nugent-Hopkins wins face-off versus Boone Jenner in Minnesota North Stars zone.
6:04 of 2nd period - Snap shot by David Perron.
6:04 of 2nd period - Stopped by Stuart Skinner without a rebound.
6:05 of 2nd period - Evgeni Malkin wins face-off versus Mikael Backlund in Minnesota North Stars zone.
6:12 of 2nd period - Evgeni Malkin is hit by Jake DeBrusk and loses puck.
6:21 of 2nd period - Slapshot by Brock Boeser.
6:21 of 2nd period - Shot Misses the Net.
6:38 of 2nd period - Snap shot by Boone Jenner.
6:38 of 2nd period - Stopped by Stuart Skinner with a rebound.
6:40 of 2nd period - Wrist shot by Adrian Kempe.
6:40 of 2nd period - Stopped by Stuart Skinner without a rebound.
6:41 of 2nd period - Mikael Backlund wins face-off versus Ryan Nugent-Hopkins in Minnesota North Stars zone.
6:42 of 2nd period - Slapshot by Brock Boeser.
6:42 of 2nd period - Stopped by Stuart Skinner with a rebound.
6:49 of 2nd period - Minor Penalty to Jamie Oleksiak for Hooking.
6:50 of 2nd period - Boone Jenner wins face-off versus Jonathan Toews in Minnesota North Stars zone.
8:49 of 2nd period - Penalty to Jamie Oleksiak is over, Jamie Oleksiak is back on ice.
9:09 of 2nd period - Backhand shot by Jonathan Toews.
9:09 of 2nd period - Stopped by Juuse Saros without a rebound.
9:10 of 2nd period - Jeff Carter wins face-off versus Jack Hughes in Edmonton Oilers zone.
10:11 of 2nd period - Snap shot by Alex Iafallo.
10:11 of 2nd period - Stopped by Stuart Skinner without a rebound.
10:12 of 2nd period - Jeff Carter wins face-off versus Jonathan Toews in Minnesota North Stars zone.
10:20 of 2nd period - Icing by Adam Lowry.
10:21 of 2nd period - Jonathan Toews wins face-off versus Mikael Backlund in Minnesota North Stars zone.
10:26 of 2nd period - Wrist shot by Jonathan Toews.
10:26 of 2nd period - Stopped by Juuse Saros without a rebound.
10:27 of 2nd period - Evgeni Malkin wins face-off versus Mikael Backlund in Edmonton Oilers zone.
10:35 of 2nd period - Off-side.
10:36 of 2nd period - Boone Jenner wins face-off versus Evgeni Malkin in neutral zone.
10:59 of 2nd period - Minor Penalty to Frank Vatrano for Roughing.
11:00 of 2nd period - Boone Jenner wins face-off versus Jeff Skinner in Minnesota North Stars zone.
11:25 of 2nd period - Zach Parise is hit by Mikael Backlund and loses puck.
12:59 of 2nd period - Penalty to Frank Vatrano is over, Frank Vatrano is back on ice.
13:13 of 2nd period - Wrist shot by Frank Vatrano.
13:13 of 2nd period - Shot Hit the Post.
13:15 of 2nd period - Wrist shot by Evgeni Malkin.
13:15 of 2nd period - Shot Misses the Net.
13:17 of 2nd period - Slapshot by Gustav Forsling.
13:17 of 2nd period - Stopped by Juuse Saros without a rebound.
13:18 of 2nd period - Jack Hughes wins face-off versus Derek Grant in Edmonton Oilers zone.
14:15 of 2nd period - Snap shot by Derick Brassard.
14:15 of 2nd period - Stopped by Juuse Saros with a rebound.
14:17 of 2nd period - Snap shot by Jonathan Toews.
14:17 of 2nd period - Stopped by Juuse Saros with a rebound.
14:19 of 2nd period - Slapshot by Sean Durzi.
14:19 of 2nd period - Stopped by Juuse Saros without a rebound.
14:20 of 2nd period - Jack Hughes wins face-off versus Boone Jenner in Edmonton Oilers zone.
14:34 of 2nd period - Minor Penalty to Adrian Kempe for Holding.
14:35 of 2nd period - Derek Grant wins face-off versus Jack Hughes in Edmonton Oilers zone.
14:35 of 2nd period - Derek Grant is hit by Zach Parise.
14:48 of 2nd period - Wrist shot by Jack Hughes.
14:48 of 2nd period - Deflect By Frank Vatrano.
14:48 of 2nd period - Goal by Frank Vatrano - Edmonton Oilers : 1 - Minnesota North Stars : 3.
14:49 of 2nd period - Evgeni Malkin wins face-off versus Mikael Backlund in neutral zone.
14:51 of 2nd period - Off-side.
14:52 of 2nd period - Evgeni Malkin wins face-off versus Mikael Backlund in neutral zone.
14:55 of 2nd period - Wrist shot by Rasmus Dahlin.
14:55 of 2nd period - Shot Blocked by Brett Pesce.
14:57 of 2nd period - Snap shot by Zach Parise.
14:57 of 2nd period - Stopped by Juuse Saros with a rebound.
15:19 of 2nd period - Slapshot by Boone Jenner.
15:19 of 2nd period - Shot Blocked by Viktor Arvidsson.
15:37 of 2nd period - Off-side.
15:38 of 2nd period - Ryan Nugent-Hopkins wins face-off versus Jeff Carter in neutral zone.
17:20 of 2nd period - Brett Pesce is hit by Neal Pionk and loses puck.
17:36 of 2nd period - Wrist shot by Blake Wheeler.
17:36 of 2nd period - Deflect By Alex Iafallo.
17:36 of 2nd period - Shot Blocked by Zach Parise.
17:36 of 2nd period - Puck is out of play.
17:37 of 2nd period - Evgeni Malkin wins face-off versus Mikael Backlund in Minnesota North Stars zone.
17:42 of 2nd period - Evan Bouchard is hit by Brandon Montour and loses puck.
17:50 of 2nd period - Off-side.
17:51 of 2nd period - Boone Jenner wins face-off versus Jack Hughes in neutral zone.
17:54 of 2nd period - Rasmus Dahlin is hit by David Perron and loses puck.
18:17 of 2nd period - Mikael Backlund is hit by Rasmus Dahlin and loses puck.
18:24 of 2nd period - Wrist shot by Frank Vatrano.
18:24 of 2nd period - Shot Misses the Net.
19:02 of 2nd period - Wrist shot by Dawson Mercer.
19:02 of 2nd period - Stopped by Stuart Skinner without a rebound.
19:03 of 2nd period - Derek Grant wins face-off versus Jonathan Toews in Minnesota North Stars zone.
19:08 of 2nd period - Wrist shot by Derek Grant.
19:08 of 2nd period - Shot Blocked by Adam Lowry.
19:36 of 2nd period - Slapshot by Sean Durzi.
19:36 of 2nd period - Stopped by Juuse Saros without a rebound.
19:37 of 2nd period - Evgeni Malkin wins face-off versus Jake DeBrusk in Edmonton Oilers zone.
Goals for this period are 1 for Edmonton Oilers vs 1 for Minnesota North Stars.
Shots for this period are 14 for Edmonton Oilers vs 12 for Minnesota North Stars.
3rd period
0:01 of 3rd period - Boone Jenner wins face-off versus Jack Hughes in neutral zone.
0:59 of 3rd period - Evan Bouchard is hit by Jamie Oleksiak and loses puck.
1:30 of 3rd period - Snap shot by Ryan Nugent-Hopkins.
1:30 of 3rd period - Stopped by Juuse Saros without a rebound.
1:31 of 3rd period - Evgeni Malkin wins face-off versus Adrian Kempe in Edmonton Oilers zone.
1:42 of 3rd period - Wrist shot by Frank Vatrano.
1:42 of 3rd period - Deflect By Evgeni Malkin.
1:42 of 3rd period - Goal by Evgeni Malkin - Edmonton Oilers : 1 - Minnesota North Stars : 4.
1:43 of 3rd period - Boone Jenner wins face-off versus Evgeni Malkin in neutral zone.
1:55 of 3rd period - Snap shot by Evgeni Malkin.
1:55 of 3rd period - Shot Blocked by Adrian Kempe.
1:57 of 3rd period - Snap shot by Frank Vatrano.
1:57 of 3rd period - Shot Misses the Net.
1:59 of 3rd period - Snap shot by Evgeni Malkin.
1:59 of 3rd period - Shot Hit the Post.
2:05 of 3rd period - Minor Penalty to Jacob Trouba for Hooking.
2:06 of 3rd period - Derek Grant wins face-off versus Jack Hughes in Edmonton Oilers zone.
2:11 of 3rd period - Brandon Carlo is hit by Brandon Montour and loses puck.
2:38 of 3rd period - Snap shot by Jeff Skinner.
2:38 of 3rd period - Shot Misses the Net.
2:40 of 3rd period - Slapshot by Brandon Montour.
2:40 of 3rd period - Deflect By Brock Nelson.
2:40 of 3rd period - Stopped by Juuse Saros with a rebound.
2:57 of 3rd period - Icing by Gustav Forsling.
2:58 of 3rd period - Brock Nelson wins face-off versus Jeff Carter in Minnesota North Stars zone.
4:05 of 3rd period - Penalty to Jacob Trouba is over, Jacob Trouba is back on ice.
4:23 of 3rd period - Slapshot by Sean Durzi.
4:23 of 3rd period - Shot Misses the Net.
5:19 of 3rd period - Snap shot by Brock Boeser.
5:19 of 3rd period - Stopped by Stuart Skinner with a rebound.
5:21 of 3rd period - Snap shot by Jake DeBrusk.
5:21 of 3rd period - Deflect By Brock Boeser.
5:21 of 3rd period - Shot Blocked by Derick Brassard.
5:21 of 3rd period - Puck is out of play.
5:22 of 3rd period - Ryan Nugent-Hopkins wins face-off versus Boone Jenner in Minnesota North Stars zone.
5:22 of 3rd period - Ryan Nugent-Hopkins is hit by Adrian Kempe.
5:48 of 3rd period - Gustav Forsling is hit by Brock Boeser and loses puck.
5:59 of 3rd period - Snap shot by Frank Vatrano.
5:59 of 3rd period - Shot Misses the Net.
6:15 of 3rd period - Snap shot by Evan Rodrigues.
6:15 of 3rd period - Shot Misses the Net.
6:29 of 3rd period - Slapshot by Adam Lowry.
6:29 of 3rd period - Stopped by Juuse Saros without a rebound.
6:30 of 3rd period - Jonathan Toews wins face-off versus Adrian Kempe in Edmonton Oilers zone.
6:35 of 3rd period - Wrist shot by Derick Brassard.
6:35 of 3rd period - Stopped by Juuse Saros with a rebound.
7:03 of 3rd period - Backhand shot by Jack Hughes.
7:03 of 3rd period - Shot Misses the Net.
7:05 of 3rd period - Backhand shot by Sean Durzi.
7:05 of 3rd period - Shot Blocked by Mikael Backlund.
7:35 of 3rd period - Rasmus Dahlin is hit by David Perron and loses puck.
7:42 of 3rd period - Wrist shot by Adrian Kempe.
7:42 of 3rd period - Deflect By Boone Jenner.
7:42 of 3rd period - Shot Misses the Net.
7:42 of 3rd period - Puck is out of play.
7:43 of 3rd period - Jack Hughes wins face-off versus Mikael Backlund in Minnesota North Stars zone.
7:48 of 3rd period - Snap shot by Evan Rodrigues.
7:48 of 3rd period - Stopped by Juuse Saros with a rebound.
7:54 of 3rd period - Gustav Forsling is hit by Brock Boeser.
7:55 of 3rd period - Icing by Gustav Forsling.
7:56 of 3rd period - Jack Hughes wins face-off versus Boone Jenner in Minnesota North Stars zone.
8:58 of 3rd period - Wrist shot by Jack Hughes.
8:58 of 3rd period - Shot Misses the Net.
9:02 of 3rd period - Snap shot by Jack Hughes.
9:02 of 3rd period - Stopped by Juuse Saros without a rebound.
9:03 of 3rd period - Evgeni Malkin wins face-off versus Mikael Backlund in Edmonton Oilers zone.
9:11 of 3rd period - Minor Penalty to Brandon Carlo for Slashing.
9:12 of 3rd period - Ryan Nugent-Hopkins wins face-off versus Derek Grant in Edmonton Oilers zone.
9:51 of 3rd period - Scott Mayfield is hit by Brandon Montour and loses puck.
11:11 of 3rd period - Penalty to Brandon Carlo is over, Brandon Carlo is back on ice.
11:43 of 3rd period - Wrist shot by Jake DeBrusk.
11:43 of 3rd period - Shot Blocked by Sean Durzi.
11:49 of 3rd period - Brock Boeser is hit by Evgeni Malkin and loses puck.
12:22 of 3rd period - Minor Penalty to Rasmus Dahlin for Hooking.
12:23 of 3rd period - Boone Jenner wins face-off versus Adam Lowry in Minnesota North Stars zone.
12:23 of 3rd period - Snap shot by Brock Boeser.
12:23 of 3rd period - Shot Blocked by Sean Durzi.
12:25 of 3rd period - Wrist shot by Brock Boeser.
12:25 of 3rd period - Stopped by Stuart Skinner with a rebound.
12:27 of 3rd period - Wrist shot by Boone Jenner.
12:27 of 3rd period - Shot Blocked by Brandon Montour.
12:29 of 3rd period - Wrist shot by Boone Jenner.
12:29 of 3rd period - Stopped by Stuart Skinner without a rebound.
12:30 of 3rd period - Boone Jenner wins face-off versus Adam Lowry in Minnesota North Stars zone.
12:35 of 3rd period - Slapshot by Adrian Kempe.
12:35 of 3rd period - Deflect By Brock Boeser.
12:35 of 3rd period - Shot Hit the Post.
12:35 of 3rd period - Puck is out of play.
12:36 of 3rd period - Adam Lowry wins face-off versus Boone Jenner in Minnesota North Stars zone.
14:22 of 3rd period - Penalty to Rasmus Dahlin is over, Rasmus Dahlin is back on ice.
14:27 of 3rd period - Wrist shot by Jamie Oleksiak.
14:27 of 3rd period - Stopped by Juuse Saros without a rebound.
14:28 of 3rd period - Derek Grant wins face-off versus Ryan Nugent-Hopkins in Edmonton Oilers zone.
14:28 of 3rd period - Derek Grant is hit by Brock Nelson.
14:36 of 3rd period - Jeff Skinner is hit by Tanner Jeannot and loses puck.
14:53 of 3rd period - Blake Wheeler is hit by Neal Pionk and loses puck.
15:00 of 3rd period - Rasmus Ristolainen is hit by Neal Pionk and loses puck.
15:17 of 3rd period - Slapshot by Evan Bouchard.
15:17 of 3rd period - Shot Blocked by Derick Brassard.
15:19 of 3rd period - Wrist shot by Mikael Backlund.
15:19 of 3rd period - Stopped by Stuart Skinner without a rebound.
15:20 of 3rd period - Brock Boeser wins face-off versus Jonathan Toews in Minnesota North Stars zone.
16:31 of 3rd period - Snap shot by Mikael Backlund.
16:31 of 3rd period - Stopped by Stuart Skinner without a rebound.
16:32 of 3rd period - Mikael Backlund wins face-off versus Jack Hughes in Minnesota North Stars zone.
16:33 of 3rd period - Wrist shot by Brock Boeser.
16:33 of 3rd period - Stopped by Stuart Skinner with a rebound.
16:45 of 3rd period - Snap shot by Jake DeBrusk.
16:45 of 3rd period - Stopped by Stuart Skinner with a rebound.
16:47 of 3rd period - Wrist shot by Brock Boeser.
16:47 of 3rd period - Stopped by Stuart Skinner with a rebound.
17:25 of 3rd period - Wrist shot by Alex Iafallo.
17:25 of 3rd period - Shot Blocked by Neal Pionk.
17:27 of 3rd period - Snap shot by Blake Wheeler.
17:27 of 3rd period - Stopped by Stuart Skinner without a rebound.
17:28 of 3rd period - Mikael Backlund wins face-off versus Jack Hughes in Minnesota North Stars zone.
17:35 of 3rd period - Snap shot by Jack Hughes.
17:35 of 3rd period - Stopped by Juuse Saros with a rebound.
17:55 of 3rd period - Evan Bouchard is hit by Brock Nelson and loses puck.
18:08 of 3rd period - Snap shot by David Perron.
18:08 of 3rd period - Shot Blocked by Ryan Nugent-Hopkins.
18:14 of 3rd period - Rasmus Ristolainen is hit by Ryan Nugent-Hopkins and loses puck.
19:16 of 3rd period - Snap shot by Jeff Skinner.
19:16 of 3rd period - Stopped by Juuse Saros with a rebound.
19:52 of 3rd period - Brett Pesce is hit by Neal Pionk and loses puck.
Goals for this period are 0 for Edmonton Oilers vs 1 for Minnesota North Stars.
Shots for this period are 9 for Edmonton Oilers vs 10 for Minnesota North Stars.
Back to the Top